 Dungeon Crawl Stone Soup version 0.31.0-11-ge490571c62 (webtiles) character file.

Game seed: 11130914861744507790

5279 qw the Nimble (level 10, 0/51 HPs)
             Began as a Spriggan Hunter on Feb 3, 2024.
             Slain by a wyvern (9 damage)
             ... on level 9 of the Dungeon.
             The game lasted 00:02:52 (6450 turns).

qw the Nimble (Spriggan Hunter)                     Turns: 6450, Time: 00:02:53

Health: 0/51       AC:  5    Str:  7    XL:     10   Next: 36%
Magic:  11/11      EV: 32    Int: 10    God:
Gold:   303        SH:  0    Dex: 30    Spells: 9/9 levels left

rFire   . . .        v - +0 orcbow
rCold   . . .        (shield currently unavailable)
rNeg    . . .        b - +2 troll leather armour
rPois   +            (helmet restricted)
rElec   .            (no cloak)
rCorr   .            (gloves unavailable)
SInv    +            (boots unavailable)
Will    +....        (no amulet)
Stlth   +++          e - ring of poison resistance
HPRegen 1.08/turn    j - +6 ring of dexterity
MPRegen 0.12/turn

%: no passive effects
@: about to teleport, very quick
A: very small, no large weapons, unfitting armour, see invisible, speed 3
a: no special abilities


You were on level 9 of the Dungeon.
You visited 1 branch of the dungeon, and saw 9 of its levels.

You collected 501 gold pieces.
You spent 198 gold pieces at shops.


Innate Abilities, Weirdness & Mutations

You are very small and have problems with some larger weapons.
You are too small for most types of armour.
You have supernaturally acute eyesight. (SInv)
You cover ground extremely quickly. (Speed+++)


   Skills:
 - Level 5.5 Fighting
 - Level 11.0 Ranged Weapons
 + Level 12.8 Dodging
 - Level 1.5 Stealth


You had 9 spell levels left.
You didn't know any spells.
Your spell library was empty.

Inventory:

Hand Weapons
 v - a +0 orcbow (weapon)
Armour
 b - a +2 troll leather armour (worn)
Jewellery
 e - a ring of poison resistance (left hand)
 j - a +6 ring of dexterity (right hand)
 q - a ring of ice
Wands
 f - a wand of charming (9)
Scrolls
 g - a scroll of teleportation
Potions
 a - a potion of attraction {unknown}
 d - a potion of cancellation
 h - a potion of enlightenment
 i - a potion of resistance
 l - a potion of might
 o - 3 potions of mutation
 r - a potion of haste {unknown}
 t - a potion of curing

Dungeon Overview and Level Annotations

Branches:
Dungeon (9/15)               Lair (0/5) D:9
 Temple: D:4-7          Orc: D:9-12

Altars:
Fedhas
Nemelex Xobeh
Xom

Shops:
D:2 :   D:6 :   D:7 *

Annotations:
D:9 2 transporters


Message History

The wyvern is moderately wounded.
A nearby fungus withers and dies.
A nearby plant withers and dies.
The water moccasin bites you but does no damage.
The wyvern completely misses you.
The water moccasin completely misses you.
The wyvern completely misses you. x2
You shoot an arrow. The arrow closely misses the wyvern.
The arrow barely misses the howler monkey.
The water moccasin misses you. The wyvern barely misses you.
The wyvern bites you! The water moccasin closely misses you.
The wyvern completely misses you.
The water moccasin completely misses you.
The wyvern misses you. The howler monkey misses you. The wyvern bites you!
The water moccasin completely misses you.
6448 ||| READING 2 scrolls of teleportation.
As you read the scroll of teleportation, it crumbles to dust.
You feel strangely unstable.
A nearby plant withers and dies.
The wyvern misses you.
The water moccasin completely misses you.
The wyvern completely misses you.
The water moccasin completely misses you.
The howler monkey completely misses you.
A centaur comes into view.
The wyvern completely misses you.
You shoot an arrow. The arrow closely misses the wyvern.
The wyvern completely misses you.
The water moccasin completely misses you.
The wyvern misses you.
The water moccasin completely misses you.
The wyvern completely misses you. The wolf completely misses you.
The howler monkey completely misses you.
The wyvern completely misses you.
The howler monkey hoots and howls with incredible vigour!
The water moccasin completely misses you.
The wyvern completely misses you.
You shoot an arrow. The arrow barely misses the wyvern.
The wolf misses you.
The water moccasin completely misses you.
The wyvern misses you. The wyvern bites you!
You die...

....... ####
....... P......
....P..
.7.....#########
................
........h.......
.......Skk......
P..P...7@k......
.>.c..hShh######
........k.#
PP.P......#
.7........#
.P..P..P..#
..7..P....#
.P..#...#


You could see 2 water moccasins, 4 wyverns, a wolf, a centaur and 3 howler
monkeys.

Vanquished Creatures
  2 two-headed ogres (D:8)
  A kobold demonologist (D:7)
  A troll (D:7)
  5 yaks (D:8)
  Eustachio (D:6)
  3 water moccasins
  2 orc warriors
  A sky beast (D:7)
  3 black bears
  3 ice beasts
  Blork the orc (D:5)
  4 bullfrogs
  A scorpion (D:5)
  9 wights
  A howler monkey (D:8)
  3 crimson imps (D:5)
  2 jellies
  A bombardier beetle (D:3)
  2 orc priests
  A sleepcap (D:7)
  4 hounds
  An iguana (D:7)
  Ijyb (D:3)
  Natasha (twice) (D:3)
  3 orc wizards
  12 adders
  A shadow imp (D:6)
  A ribbon worm (D:5)
  4 dart slugs
  19 orcs
  4 ball pythons
  2 bats (D:1)
  3 endoplasms
  5 giant cockroaches
  9 goblins
  7 hobgoblins
  2 jackals (D:1)
  12 kobolds
  5 quokkas
  2 frilled lizards
  4 rats
150 creatures vanquished.

Notes
Turn   | Place    | Note
-------+----------+-------------------------------------------
     0 | D:1      | qw the Spriggan Hunter began the quest for the Orb.
     0 | D:1      | Reached XP level 1. HP: 10/10 MP: 2/2
     0 | D:1      | 0 ||| qw: Version: 0.3-a-155-g5e7d8dd
     0 | D:1      | 0 ||| qw: Game counter: 3276
     0 | D:1      | 0 ||| qw: Melee chars always use a shield: true
     0 | D:1      | 0 ||| qw: God list: Okawaru
     0 | D:1      | 0 ||| qw: Allow faded altars: false
     0 | D:1      | 0 ||| qw: Do Orc after clearing Dungeon:15 true
     0 | D:1      | 0 ||| qw: Do second Lair branch before Depths: true
     0 | D:1      | 0 ||| qw: Lair rune preference: random
     0 | D:1      | 0 ||| qw: Goals: Normal
     0 | D:1      | 0 ||| PLANNING D:1-11
    47 | D:1      | Reached skill level 3 in Dodging
   148 | D:1      | Reached XP level 2. HP: 14/14 MP: 3/3
   271 | D:1      | Reached skill level 4 in Dodging
   553 | D:1      | Reached XP level 3. HP: 18/18 MP: 4/4
   882 | D:1      | 882 ||| UPGRADING to ring of poison resistance.
   883 | D:1      | 883 ||| READING 3 scrolls labelled ASOTUZA LIGU.
   884 | D:1      | 884 ||| READING scroll labelled ECOILA CEPI.
   885 | D:1      | 885 ||| READING 3 scrolls labelled DAUJEA PUISOMU.
   890 | D:1      | 890 ||| READING scroll labelled EQODUI KYUWESI.
   890 | D:1      | 890 ||| ENCHANTING +0 shortbow.
   891 | D:1      | 891 ||| DROPPING scroll of butterflies.
   892 | D:1      | 892 ||| DROPPING 2 scrolls of amnesia.
   984 | D:2      | 984 ||| FLEEEEING.
   986 | D:2      | 986 ||| FLEEEEING.
  1433 | D:2      | Found a faded altar of an unknown god.
  1536 | D:2      | Found Sexkut's Book Shop.
  1566 | D:2      | 1566 ||| READING 2 scrolls labelled ASUUNU KODUTZA.
  1566 | D:2      | 1566 ||| IDENTIFYING inky potion
  1567 | D:2      | 1567 ||| READING scroll of identify.
  1567 | D:2      | 1567 ||| IDENTIFYING lumpy orange potion
  1568 | D:2      | 1568 ||| READING scroll labelled UGIFUTO GUWNO.
  1569 | D:2      | 1569 ||| DRINKING 2 murky clear potions.
  1610 | D:3      | Reached XP level 4. HP: 22/22 MP: 5/5
  1667 | D:3      | Noticed Natasha
  1670 | D:3      | Killed Natasha
  1675 | D:3      | 1675 ||| RETREEEEATING.
  1686 | D:3      | HP: 5/22 [orc priest/nerve-wracking pain (14)]
  1687 | D:3      | 1687 ||| READING 3 scrolls of teleportation.
  1689 | D:3      | Reached skill level 5 in Dodging
  1689 | D:3      | Reached XP level 5. HP: 6/25 MP: 6/6
  1691 | D:3      | Noticed Ijyb
  1691 | D:3      | Noticed Natasha
  1694 | D:3      | HP: 6/25 [goblin/+0 dagger (2)]
  1695 | D:3      | 1695 ||| READING 2 scrolls of teleportation.
  2141 | D:3      | 2141 ||| RETREEEEATING.
  2142 | D:3      | 2142 ||| RETREEEEATING.
  2143 | D:3      | 2143 ||| RETREEEEATING.
  2146 | D:3      | 2146 ||| RETREEEEATING.
  2147 | D:3      | 2147 ||| RETREEEEATING.
  2149 | D:3      | Killed Natasha
  2155 | D:3      | 2155 ||| DRINKING purple potion.
  2156 | D:3      | 2156 ||| DRINKING grey potion.
  2172 | D:3      | Killed Ijyb
  2174 | D:3      | Reached skill level 6 in Ranged Weapons
  2258 | D:3      | 2258 ||| READING 5 scrolls of identify.
  2258 | D:3      | 2258 ||| IDENTIFYING blue potion
  2259 | D:3      | 2259 ||| READING 4 scrolls of identify.
  2259 | D:3      | 2259 ||| IDENTIFYING scroll labelled XAHER TADGHYARO
  2260 | D:3      | 2260 ||| READING 3 scrolls of identify.
  2260 | D:3      | 2260 ||| IDENTIFYING 2 scrolls labelled IKENICH RAADGH
  2261 | D:3      | 2261 ||| DROPPING scroll of torment.
  2405 | D:4      | Reached XP level 6. HP: 30/30 MP: 7/7
  2616 | D:4      | Reached skill level 6 in Dodging
  3045 | D:4      | 3045 ||| READING 2 scrolls of identify.
  3045 | D:4      | 3045 ||| IDENTIFYING bubbling green potion
  3046 | D:4      | 3046 ||| READING scroll of identify.
  3046 | D:4      | 3046 ||| IDENTIFYING bubbling black potion
  3047 | D:4      | 3047 ||| READING scroll labelled WIEZEVV ARYLIS.
  3048 | D:4      | 3048 ||| READING scroll labelled ZOFREA CAAXIUT.
  3149 | D:4      | 3149 ||| DROPPING potion of ambrosia.
  3196 | D:5      | Entered Level 5 of the Dungeon
  3331 | D:5      | 3331 ||| READING scroll of enchant weapon.
  3331 | D:5      | 3331 ||| ENCHANTING +1 shortbow.
  3571 | D:5      | Noticed an ice beast
  3572 | D:5      | 3572 ||| ZAPPING wand of quicksilver (12) at 3,1 (ice
                  | beast; floor).
  3573 | D:5      | 3573 ||| ZAPPING wand of quicksilver (11) at 2,1 (ice
                  | beast; floor).
  3574 | D:5      | 3574 ||| ZAPPING wand of quicksilver (10) at 1,1 (ice
                  | beast; floor).
  3574 | D:5      | Killed an ice beast
  3625 | D:5      | Reached XP level 7. HP: 29/35 MP: 8/8
  3694 | D:5      | Noticed Blork the orc
  3700 | D:5      | 3700 ||| ZAPPING wand of quicksilver (9) at -3,0 (Blork the
                  | orc; floor).
  3701 | D:5      | 3701 ||| ZAPPING wand of quicksilver (8) at -3,0 (Blork the
                  | orc; floor).
  3702 | D:5      | Killed Blork the orc
  3754 | D:5      | Found a sparkling altar of Nemelex Xobeh.
  3765 | D:5      | Found a blossoming altar of Fedhas.
  3900 | D:5      | Found a shimmering altar of Xom.
  3912 | D:5      | Reached skill level 7 in Dodging
  3994 | D:5      | 3994 ||| READING 3 scrolls of identify.
  3994 | D:5      | 3994 ||| IDENTIFYING smoky blue potion
  3995 | D:5      | 3995 ||| READING 2 scrolls of identify.
  3995 | D:5      | 3995 ||| IDENTIFYING scroll labelled FEZ PUIBBU
  3996 | D:5      | 3996 ||| DROPPING potion of brilliance.
  3997 | D:5      | 3997 ||| DROPPING scroll of vulnerability.
  4025 | D:6      | Noticed a steam dragon
  4026 | D:6      | 4026 ||| ZAPPING wand of quicksilver (7) at 6,1 (steam
                  | dragon; floor).
  4037 | D:6      | Found Xewa's Book Shoppe.
  4110 | D:6      | Noticed Eustachio
  4111 | D:6      | 4111 ||| ZAPPING wand of quicksilver (6) at 7,-5
                  | (Eustachio; floor).
  4112 | D:6      | 4112 ||| ZAPPING wand of quicksilver (5) at 6,-4
                  | (Eustachio; floor).
  4113 | D:6      | 4113 ||| ZAPPING wand of quicksilver (4) at 5,-3
                  | (Eustachio; floor).
  4114 | D:6      | 4114 ||| RETREEEEATING.
  4115 | D:6      | 4115 ||| ZAPPING wand of quicksilver (3) at 6,-2
                  | (Eustachio; floor).
  4115 | D:6      | Killed Eustachio
  4116 | D:6      | Reached skill level 8 in Dodging
  4116 | D:6      | Reached XP level 8. HP: 39/39 MP: 9/9
  4352 | D:6      | 4352 ||| RETREEEEATING.
  4355 | D:6      | 4355 ||| RETREEEEATING.
  4374 | D:6      | Reached skill level 3 in Fighting
  4444 | D:6      | 4444 ||| RETREEEEATING.
  4573 | D:6      | 4573 ||| READING scroll of identify.
  4573 | D:6      | 4573 ||| IDENTIFYING emerald potion
  4574 | D:6      | 4574 ||| DROPPING potion of invisibility.
  4670 | D:7      | Reached skill level 9 in Ranged Weapons
  4727 | D:7      | Noticed a troll
  4728 | D:7      | 4728 ||| ZAPPING wand of quicksilver (2) at -3,-2 (troll;
                  | floor).
  4729 | D:7      | 4729 ||| ZAPPING wand of quicksilver (1) at -2,-1 (troll;
                  | floor).
  4735 | D:7      | Killed a troll
  4736 | D:7      | Reached skill level 9 in Dodging
  4792 | D:7      | Noticed a kobold demonologist
  4798 | D:7      | Noticed a red devil
  4809 | D:7      | Killed a kobold demonologist
  4937 | D:7      | Reached XP level 9. HP: 44/44 MP: 10/10
  5036 | D:7      | Reached skill level 10 in Dodging
  5045 | D:7      | Noticed an angel
  5046 | D:7      | Found Rojecac's Hallowed Reliquary.
  5054 | D:7      | 5054 ||| SHOPLISTING amulet of faith (440 gold, have 437).
  5054 | D:7      | 5054 ||| BUYING potion of curing (33 gold).
  5054 | D:7      | Bought a potion of curing for 33 gold pieces
  5054 | D:7      | 5054 ||| BUYING potion of heal wounds (55 gold).
  5054 | D:7      | Bought a potion of heal wounds for 55 gold pieces
  5054 | D:7      | 5054 ||| BUYING potion of heal wounds (55 gold).
  5054 | D:7      | Bought a potion of heal wounds for 55 gold pieces
  5054 | D:7      | 5054 ||| BUYING potion of heal wounds (55 gold).
  5054 | D:7      | Bought a potion of heal wounds for 55 gold pieces
  5057 | D:7      | 5057 ||| READING scroll of enchant weapon.
  5057 | D:7      | 5057 ||| ENCHANTING +2 shortbow.
  5184 | D:7      | 5184 ||| SWAPPING to +0 orcbow.
  5187 | D:7      | 5187 ||| DROPPING +3 shortbow.
  5527 | D:7      | 5527 ||| UPGRADING to +0 troll leather armour.
  5537 | D:7      | 5537 ||| DROPPING +0 robe.
  5538 | D:7      | 5538 ||| READING 2 scrolls of enchant armour.
  5538 | D:7      | 5538 ||| ENCHANTING +0 troll leather armour.
  5539 | D:7      | 5539 ||| READING scroll of enchant armour.
  5539 | D:7      | 5539 ||| ENCHANTING +1 troll leather armour.
  5540 | D:7      | 5540 ||| UPGRADING to +6 ring of dexterity.
  5541 | D:7      | 5541 ||| DROPPING ring of poison resistance.
  5542 | D:7      | 5542 ||| READING scroll of identify.
  5542 | D:7      | 5542 ||| IDENTIFYING glowing grey potion
  5543 | D:7      | 5543 ||| READING scroll labelled XONTIO YTEOGRA.
  5544 | D:7      | 5544 ||| DROPPING potion of magic.
  5545 | D:7      | 5545 ||| DROPPING wand of flame (2).
  5656 | D:8      | 5656 ||| RETREEEEATING.
  5662 | D:8      | 5662 ||| RETREEEEATING.
  5663 | D:8      | 5663 ||| RETREEEEATING.
  5664 | D:8      | 5664 ||| RETREEEEATING.
  5665 | D:8      | 5665 ||| RETREEEEATING.
  5669 | D:8      | 5669 ||| RETREEEEATING.
  5676 | D:8      | Reached skill level 11 in Dodging
  5711 | D:8      | Noticed a two-headed ogre
  5717 | D:8      | HP: 6/45 [two-headed ogre/+0 giant club (23)]
  5718 | D:8      | 5718 ||| READING 5 scrolls of teleportation.
  5719 | D:8      | 5719 ||| DRINKING 3 potions of heal wounds.
  5725 | D:8      | Killed a two-headed ogre
  5780 | D:8      | Reached skill level 12 in Dodging
  5780 | D:8      | Reached XP level 10. HP: 24/51 MP: 11/11
  5833 | D:8      | Noticed a two-headed ogre
  5842 | D:8      | Killed a two-headed ogre
  6294 | D:9      | Found a transporter.
  6303 | D:9      | Found a transporter.
  6371 | D:9      | Noticed a skeletal warrior
  6371 | D:9      | Noticed a skeletal warrior
  6372 | D:9      | 6372 ||| RETREEEEATING.
  6375 | D:9      | 6375 ||| RETREEEEATING.
  6377 | D:9      | 6377 ||| RETREEEEATING.
  6379 | D:9      | 6379 ||| RETREEEEATING.
  6381 | D:9      | 6381 ||| RETREEEEATING.
  6393 | D:9      | HP: 12/51 [skeletal warrior/+0 mace (17)]
  6394 | D:9      | 6394 ||| READING 4 scrolls of teleportation.
  6396 | D:9      | HP: 5/51 [skeletal warrior/+0 mace (10)]
  6397 | D:9      | 6397 ||| DRINKING 2 potions of heal wounds.
  6397 | D:9      | Noticed a skeletal warrior
  6397 | D:9      | Noticed a skeletal warrior
  6398 | D:9      | 6398 ||| FLEEEEING.
  6399 | D:9      | 6399 ||| FLEEEEING.
  6400 | D:9      | 6400 ||| FLEEEEING.
  6401 | D:9      | 6401 ||| FLEEEEING.
  6402 | D:9      | 6402 ||| FLEEEEING.
  6403 | D:9      | 6403 ||| FLEEEEING.
  6404 | D:9      | 6404 ||| FLEEEEING.
  6405 | D:9      | 6405 ||| FLEEEEING.
  6406 | D:9      | 6406 ||| FLEEEEING.
  6407 | D:9      | 6407 ||| FLEEEEING.
  6409 | D:9      | 6409 ||| FLEEEEING.
  6410 | D:9      | 6410 ||| FLEEEEING.
  6416 | D:9      | 6416 ||| FLEEEEING.
  6417 | D:9      | 6417 ||| FLEEEEING.
  6418 | D:9      | 6418 ||| FLEEEEING.
  6419 | D:9      | 6419 ||| RETREEEEATING.
  6423 | D:9      | HP: 3/51 [skeletal warrior/+0 war axe (28)]
  6424 | D:9      | 6424 ||| READING 3 scrolls of teleportation.
  6425 | D:9      | 6425 ||| DRINKING potion of heal wounds.
  6427 | D:9      | Found a staircase to the Lair.
  6428 | D:9      | 6428 ||| RETREEEEATING.
  6447 | D:9      | HP: 6/51 [wyvern (10)]
  6448 | D:9      | 6448 ||| READING 2 scrolls of teleportation.
  6450 | D:9      | Slain by a wyvern

Levels and vault maps discovered:
D:1:      grunt_arrival_lava_bath, layout_basic, hex_large, st_stairs_13,
          minmay_tiny_reverse_x
D:2:      layout_loops_ring, hellmonk_ecumenical_altar_heavens_door,
          serial_shops, nicolae_shop_peninsula
D:3:      kennysheep_the_goblin_king, layout_rooms, uniq_natasha
D:4:      layout_basic, minmay_misc_feat_hallway
D:5:      layout_loops_ring, amethyst_overflow_temple_binary, led_xom_imps,
          minmay_temple_entry_nine_rooms, uniq_blork_the_orc
D:6:      layout_rooms, serial_shops, nicolae_shop_tiny_statue_garden,
          kennysheep_donut, uniq_eustachio
D:7:      layout_gridville, nicolae_good_shop
D:8:      layout_loops_cross
D:9:      gammafunk_jiyva_shrine, layout_irregular_city,
          minmay_lair_entry_grove, serial_shops, nicolae_stop_n_shop_1,
          minmay_ruffians

Skill      XL: |  1  2  3  4  5  6  7  8  9 10 |
---------------+-------------------------------+-----
Dodging        | 3 4 5 6 8 9 12 | 12.8
Ranged Weapons | 5 6 7 8 9 10 11 | 11.0
Fighting       | 2 3 5 |  5.5
Stealth        | |  1.5

Action                     |  1- 3 |  4- 6 |  7- 9 | 10-12 || total
---------------------------+-------+-------+-------+-------++-------
   Fire: Shortbow          |   141 |   180 |   213 |       ||   534
         Orcbow            |       |       |    80 |    85 ||   165
  Evoke: Wand              |       |     3 |     9 |       ||    12
    Use: Scroll            |     7 |    10 |     9 |     3 ||    29
         Potion            |     1 |     2 |     1 |     2 ||     6
 Armour: Robe              |    18 |    14 |    27 |       ||    59
         Skin              |       |    17 |       |       ||    17
         Troll leather arm |       |       |     8 |    24 ||    32
  Dodge: Dodged            |    54 |    61 |   158 |   111 ||   384

Table legend:
 A = Non-vault XP
 B = Vault XP
 C = Vault XP percentage of total XP
 D = Non-vault monster count
 E = Vault monster count
 F = Vault count percentage of total count
                 A         B        C        D         E       F
            +---------+---------+-------+---------+---------+-------
      Total |    6626 |     916 |  12.1 |     131 |      19 |  12.7
            +---------+---------+-------+---------+---------+-------
        D:1 |      42 |       6 |  12.5 |      25 |       3 |  10.7
        D:2 |      34 |       0 |   0.0 |      12 |       0 |   0.0
        D:3 |     186 |      82 |  30.6 |      19 |       8 |  29.6
        D:4 |      77 |       0 |   0.0 |       6 |       0 |   0.0
        D:5 |     342 |     243 |  41.5 |      16 |       4 |  20.0
        D:6 |     688 |     196 |  22.2 |      13 |       1 |   7.1
        D:7 |    1576 |       0 |   0.0 |      17 |       0 |   0.0
        D:8 |    3681 |       0 |   0.0 |      23 |       0 |   0.0
        D:9 |       0 |     389 | 100.0 |       0 |       3 | 100.0
            +---------+---------+-------+---------+---------+-------
